MLB
SEATTLE MARINERS @ HOUSTON ASTROS
06/02/2048
 
TOP OF THE 1ST
Seattle Mariners batting - Pitching for Houston Astros : RHP Moises Hernandez Jr.
Pitching: RHP Moises Hernandez Jr.
Batting: LHB Dae-ik Yoon 0-0: Ball
1-0: Ball
2-0: Ball
3-0: Called Strike
3-1: Foul Ball, location: 2F
3-2: Foul Ball, location: 2F
3-2: Foul Ball, location: 2F
3-2: Strikes out looking
Batting: SHB Floyd-William Goof 0-0: Ball
1-0: Ball
2-0: Swinging Strike
2-1: Swinging Strike
2-2: Strikes out swinging
Batting: RHB Steve Jordan 0-0: Ball
1-0: Called Strike
1-1: SOLO HOME RUN (Flyball, 9D, EV 103.1 MPH), Distance : 390 ft
Batting: SHB Robbie Rogers 0-0: Called Strike
0-1: Called Strike
0-2: Foul Ball, location: 2F
0-2: Foul Ball, location: 2F
0-2: Ball
1-2: Strikes out swinging
Top of the 1st over - 1 run, 1 hit, 0 errors, 0 left on base; Seattle 1 - Houston 0
BOTTOM OF THE 1ST
Houston Astros batting - Pitching for Seattle Mariners : LHP Aidan Smith
Pitching: LHP Aidan Smith
Batting: RHB Danny Merrill 0-0: Ball
1-0: Ball
2-0: Ball
3-0: DOUBLE (Line Drive, 9LM, EV 98.8 MPH)
Batting: SHB Joe Gardner 0-0: Foul Ball, location: 2F
0-1: Ball
1-1: Ball
2-1: Ball
Danny Merrill steals 3rd base
3-1: Ground out 6-3 (Groundball, 56D, EV 78.1 MPH)
Danny Merrill scores
Batting: SHB Jason Woods 0-0: SINGLE (Line Drive, 6D, EV 98.1 MPH)
Batting: RHB Chris Lane 0-0: Ball
1-0: Ball
2-0: Called Strike
2-1: Foul Ball, location: 2F
2-2: Strikes out swinging
Batting: LHB Eric Katz 0-0: Called Strike
0-1: Called Strike
0-2: Ball
1-2: 2-RUN HOME RUN (Flyball, 7D, EV 100.6 MPH), Distance : 398 ft
Batting: RHB Eric Chotkowski 0-0: Foul Ball, location: 2F
0-1: Ball
1-1: Ball
2-1: Ball
3-1: Swinging Strike
3-2: Foul Ball, location: 2F
3-2: Strikes out swinging
Bottom of the 1st over - 3 runs, 3 hits, 0 errors, 0 left on base; Seattle 1 - Houston 3
TOP OF THE 2ND
Seattle Mariners batting - Pitching for Houston Astros : RHP Moises Hernandez Jr.
Batting: RHB Tony Vargas 0-0: Ball
1-0: Swinging Strike
1-1: Fly out, F8 (Flyball, 8RD, EV 89.4 MPH)
Batting: RHB Harutomi Matsubara 0-0: Ball
1-0: Ball
2-0: Ball
3-0: Called Strike
3-1: Foul Ball, location: 2F
3-2: Strikes out swinging
Batting: RHB Corey Ottinger 0-0: Swinging Strike
0-1: Ball
1-1: Ball
2-1: Ball
3-1: Ground out 5-3 (Groundball, 56S, EV 81.9 MPH)
Top of the 2nd over - 0 runs, 0 hits, 0 errors, 0 left on base; Seattle 1 - Houston 3
BOTTOM OF THE 2ND
Houston Astros batting - Pitching for Seattle Mariners : LHP Aidan Smith
Batting: LHB Jack Christie 0-0: Ball
1-0: Called Strike
1-1: Called Strike
1-2: Strikes out swinging
Batting: SHB Rich Chavez 0-0: Called Strike
0-1: Ball
1-1: DOUBLE (Flyball, 89XD, EV 95.0 MPH)
Batting: RHB Mark Marks 0-0: Ground out 6-3 (Groundball, 56D, EV 82.5 MPH)
Batting: RHB Danny Merrill 0-0: Called Strike
0-1: Ball
1-1: Foul Ball, location: 2F
1-2: Fly out, F8 (Flyball, 78D, EV 89.4 MPH)
Bottom of the 2nd over - 0 runs, 1 hit, 0 errors, 1 left on base; Seattle 1 - Houston 3
TOP OF THE 3RD
Seattle Mariners batting - Pitching for Houston Astros : RHP Moises Hernandez Jr.
Batting: LHB Jerrod Cluck 0-0: Ball
1-0: Ball
2-0: Called Strike
2-1: Fly out, F7 (Flyball, 7, EV 80.0 MPH)
Batting: RHB Malik Brookshire 0-0: Ball
1-0: Ground out 5-3 (Groundball, 56, EV 103.8 MPH)
Batting: LHB Dae-ik Yoon 0-0: Called Strike
0-1: Fly out, F9 (Flyball, 9, EV 84.4 MPH)
Top of the 3rd over - 0 runs, 0 hits, 0 errors, 0 left on base; Seattle 1 - Houston 3
BOTTOM OF THE 3RD
Houston Astros batting - Pitching for Seattle Mariners : LHP Aidan Smith
Batting: SHB Joe Gardner 0-0: Ball
1-0: Called Strike
1-1: Ball
2-1: Foul Ball, location: 2F
2-2: Foul Ball, location: 2F
2-2: Ball
3-2: SINGLE (Groundball, 56D, EV 110.6 MPH)
Batting: SHB Jason Woods 0-0: Called Strike
0-1: Grounds into double play, 5-4-3 (Groundball, 5, EV 80.6 MPH)
Batting: RHB Chris Lane 0-0: Ball
1-0: Swinging Strike
1-1: Ball
2-1: Ground out 6-3 (Groundball, 6S, EV 77.5 MPH)
Bottom of the 3rd over - 0 runs, 1 hit, 0 errors, 0 left on base; Seattle 1 - Houston 3
TOP OF THE 4TH
Seattle Mariners batting - Pitching for Houston Astros : RHP Moises Hernandez Jr.
Batting: SHB Floyd-William Goof 0-0: Ball
1-0: Foul Ball, location: 2F
1-1: Ball
2-1: Fly out, F7 (Flyball, 78M, EV 89.4 MPH)
Batting: RHB Steve Jordan 0-0: Ball
1-0: Called Strike
1-1: SOLO HOME RUN (Flyball, 78XD, EV 111.2 MPH), Distance : 456 ft
Batting: SHB Robbie Rogers 0-0: Ball
1-0: Fly out, F7 (Flyball, 7D, EV 96.2 MPH)
Batting: RHB Tony Vargas 0-0: Fly out, F8 (Line Drive, 89M, EV 92.5 MPH)
Top of the 4th over - 1 run, 1 hit, 0 errors, 0 left on base; Seattle 2 - Houston 3
BOTTOM OF THE 4TH
Houston Astros batting - Pitching for Seattle Mariners : LHP Aidan Smith
Batting: LHB Eric Katz 0-0: Ball
1-0: Swinging Strike
1-1: Ball
2-1: Foul Ball, location: 2F
2-2: Foul Ball, location: 2F
2-2: Strikes out looking
Batting: RHB Eric Chotkowski 0-0: Called Strike
0-1: Foul Ball, location: 2F
0-2: Ground out 5-3 (Groundball, 5, EV 90.6 MPH)
Batting: LHB Jack Christie 0-0: Ground out 1-3 (Groundball, P, EV 73.8 MPH)
Bottom of the 4th over - 0 runs, 0 hits, 0 errors, 0 left on base; Seattle 2 - Houston 3
TOP OF THE 5TH
Seattle Mariners batting - Pitching for Houston Astros : RHP Moises Hernandez Jr.
Batting: RHB Harutomi Matsubara 0-0: Foul Ball, location: 2F
0-1: Foul Ball, location: 2F
0-2: Ball
1-2: Foul Ball, location: 2F
1-2: Ball
2-2: Strikes out swinging
Batting: RHB Corey Ottinger 0-0: Ball
1-0: Ground out 5-3 (Groundball, 56S, EV 95.0 MPH)
Batting: LHB Jerrod Cluck 0-0: Ball
1-0: Foul Ball, location: 2F
1-1: Swinging Strike
1-2: Ball
2-2: Strikes out looking
Top of the 5th over - 0 runs, 0 hits, 0 errors, 0 left on base; Seattle 2 - Houston 3
BOTTOM OF THE 5TH
Houston Astros batting - Pitching for Seattle Mariners : LHP Aidan Smith
Batting: SHB Rich Chavez 0-0: Ball
1-0: Foul Ball, location: 2F
1-1: Ground out 6-3 (Groundball, 6, EV 80.6 MPH)
Batting: RHB Mark Marks 0-0: Ball
1-0: Foul Ball, location: 2F
1-1: Swinging Strike
1-2: Strikes out looking
Batting: RHB Danny Merrill 0-0: Called Strike
0-1: Foul Ball, location: 2F
0-2: Ball
1-2: Foul Ball, location: 2F
1-2: Foul Ball, location: 2F
1-2: Ball
2-2: Foul Ball, location: 2F
2-2: Ball
3-2: Base on Balls
Batting: SHB Joe Gardner 0-0: Ball
1-0: SINGLE (Groundball, 56D, EV 104.4 MPH)
Danny Merrill to second
Batting: SHB Jason Woods 0-0: Ball
1-0: Called Strike
1-1: Fly out, F9 (Flyball, 9LSF, EV 89.4 MPH)
Bottom of the 5th over - 0 runs, 1 hit, 0 errors, 2 left on base; Seattle 2 - Houston 3
TOP OF THE 6TH
Seattle Mariners batting - Pitching for Houston Astros : RHP Moises Hernandez Jr.
Batting: RHB Malik Brookshire 0-0: Swinging Strike
0-1: Ball
1-1: Called Strike
1-2: Strikes out swinging
Batting: LHB Dae-ik Yoon 0-0: Called Strike
0-1: Fly out, F7 (Line Drive, 7LS, EV 109.4 MPH)
Batting: SHB Floyd-William Goof 0-0: Ball
1-0: Ball
2-0: Called Strike
2-1: Ball
3-1: Foul Ball, location: 2F
3-2: Foul Ball, location: 2F
3-2: Foul Ball, location: 2F
3-2: TRIPLE (Flyball, 9LD, EV 97.5 MPH)
Batting: RHB Steve Jordan 0-0: Ball
1-0: Ground out 6-3 (Groundball, 6, EV 104.4 MPH)
Top of the 6th over - 0 runs, 1 hit, 0 errors, 1 left on base; Seattle 2 - Houston 3
BOTTOM OF THE 6TH
Houston Astros batting - Pitching for Seattle Mariners : LHP Aidan Smith
Batting: RHB Chris Lane 0-0: Fly out, F9 (Line Drive, 9, EV 87.5 MPH)
Batting: LHB Eric Katz 0-0: Ball
1-0: Called Strike
1-1: SINGLE (Groundball, 6D, EV 105.6 MPH)
Batting: RHB Eric Chotkowski 0-0: Foul Ball, location: 2F
0-1: Ball
1-1: Called Strike
1-2: Strikes out swinging
Batting: LHB Jack Christie 0-0: Ball
1-0: Called Strike
1-1: Ball
Eric Katz steals 2nd base (no throw)
2-1: Foul Ball, location: 2F
2-2: Ground out U3 (Groundball, 3D, EV 83.8 MPH)
Bottom of the 6th over - 0 runs, 1 hit, 0 errors, 1 left on base; Seattle 2 - Houston 3
TOP OF THE 7TH
Seattle Mariners batting - Pitching for Houston Astros : RHP Moises Hernandez Jr.
Batting: SHB Robbie Rogers 0-0: Ball
1-0: Ground out 6-3 (Groundball, 6, EV 93.1 MPH)
Batting: RHB Tony Vargas 0-0: Foul Ball, location: 2F
0-1: Ball
1-1: Ground out 6-3 (Groundball, 6, EV 80.0 MPH)
Batting: RHB Harutomi Matsubara 0-0: Ball
1-0: Ball
2-0: SOLO HOME RUN (Flyball, 9LD, EV 95.0 MPH), Distance : 337 ft
Batting: RHB Corey Ottinger 0-0: Called Strike
0-1: Ground out 5-3 (Groundball, 56, EV 91.2 MPH)
Top of the 7th over - 1 run, 1 hit, 0 errors, 0 left on base; Seattle 3 - Houston 3
BOTTOM OF THE 7TH
Houston Astros batting - Pitching for Seattle Mariners : LHP Aidan Smith
Pitching: RHP William de Jesus
Batting: SHB Rich Chavez 0-0: DOUBLE (Line Drive, 9LD, EV 101.2 MPH)
Batting: RHB Mark Marks 0-0: Ball
1-0: Fly out, F6 (Flyball, 56D, EV 93.8 MPH)
Batting: RHB Danny Merrill 0-0: Ball
1-0: Ball
2-0: Ball
3-0: Called Strike
3-1: Base on Balls
Batting: SHB Joe Gardner 0-0: Ball
1-0: Foul Ball, location: 2F
1-1: Ball
2-1: Ball
3-1: Base on Balls
Rich Chavez to third
Danny Merrill to second
Batting: SHB Jason Woods 0-0: Called Strike
0-1: Ball
1-1: Called Strike
1-2: Ball
2-2: Foul Ball, location: 2F
2-2: Strikes out swinging
Batting: RHB Chris Lane 0-0: Called Strike
0-1: Ball
1-1: SINGLE (Groundball, 34D, EV 105.0 MPH)
Rich Chavez scores
Danny Merrill to third
Joe Gardner to second
Runner from 3rd tries for Home, SAFE, throw by RF to home
Batting: LHB Eric Katz 0-0: Called Strike
0-1: Foul Ball, location: 2F
0-2: Ball
1-2: Strikes out swinging
Bottom of the 7th over - 2 runs, 2 hits, 0 errors, 2 left on base; Seattle 3 - Houston 5
TOP OF THE 8TH
Seattle Mariners batting - Pitching for Houston Astros : RHP Moises Hernandez Jr.
Batting: LHB Jerrod Cluck 0-0: Foul Ball, location: 2F
0-1: Swinging Strike
0-2: Strikes out looking
Batting: RHB Malik Brookshire 0-0: Ball
1-0: Swinging Strike
1-1: Ball
2-1: Ball
3-1: Foul Ball, location: 2F
3-2: Foul Ball, location: 2F
3-2: Ground out 5-3 (Groundball, 56, EV 102.5 MPH)
Batting: LHB Dae-ik Yoon 0-0: Swinging Strike
0-1: Ball
1-1: Ball
2-1: Foul Ball, location: 2F
2-2: Foul Ball, location: 2F
2-2: Ball
3-2: Ground out 5-3 (Groundball, 56S, EV 68.8 MPH)
Top of the 8th over - 0 runs, 0 hits, 0 errors, 0 left on base; Seattle 3 - Houston 5
BOTTOM OF THE 8TH
Houston Astros batting - Pitching for Seattle Mariners : RHP William de Jesus
Pitching: LHP Greg Burngooch
Batting: RHB Eric Chotkowski 0-0: Ball
1-0: Ball
2-0: Called Strike
2-1: Fly out, F4 (Line Drive, 4, EV 70.0 MPH)
Batting: LHB Jack Christie 0-0: Ball
1-0: Called Strike
1-1: Foul Ball, location: 2F
1-2: Ground out 6-3 (Groundball, 4, EV 78.1 MPH)
Batting: SHB Rich Chavez 0-0: Fly out, F9 (Flyball, 89S, EV 91.9 MPH)
Bottom of the 8th over - 0 runs, 0 hits, 0 errors, 0 left on base; Seattle 3 - Houston 5
TOP OF THE 9TH
Seattle Mariners batting - Pitching for Houston Astros : RHP Moises Hernandez Jr.
Pitching: RHP Taek-gyun Kym
Batting: SHB Floyd-William Goof 0-0: Fly out, F7 (Flyball, 7S, EV 88.8 MPH)
Batting: RHB Steve Jordan 0-0: Ball
1-0: Ball
2-0: Ground out 1-3 (Groundball, 13S, EV 72.5 MPH)
Batting: SHB Robbie Rogers 0-0: SINGLE (Line Drive, 8RS, EV 95.6 MPH)
Batting: RHB Tony Vargas 0-0: Foul Ball, location: 2F
0-1: Called Strike
0-2: Ball
1-2: SINGLE (Line Drive, 8RS, EV 95.6 MPH)
Robbie Rogers to second
Batting: RHB Harutomi Matsubara 0-0: Ball
1-0: Ball
2-0: Called Strike
2-1: Ball
3-1: Swinging Strike
3-2: Foul Ball, location: 2F
3-2: Strikes out swinging
Top of the 9th over - 0 runs, 2 hits, 0 errors, 2 left on base; Seattle 3 - Houston 5
Tuesday, March 28th , 2023 - OOTP Baseball 23.10 Build 110